Map: Automaton LE

Players

Serral - Winner!

  • Race: Zerg Zerg
  • League: Master
  • Spawn Location: 3:00

Elazer

  • Race: Zerg Zerg
  • Spawn Location: 9:00

Event: 2019 WCS Winter Europe

VOD

Have the link to the VOD?

Description

Time

  • Played on: March 24, 2019, 11:02 a.m.
  • Length: 16:53

All games in this series

Show
View Real Time Build Order
Export as new Build Order

Serral Zerg - Winner!

Build Orders: Hatch First 

Get SALT Encoding   

  12  0:01  Drone  
  13  0:12  Overlord  
  13  0:18  Drone  
  14  0:30  Drone  
  14  0:31  Drone  
  16  0:49  Hatchery  
  15  0:52  Drone  
  15  0:56  Drone  
  17  0:59  Drone  
  18  1:11  Extractor  
  17  1:15  Spawning Pool  
  16  1:19  Drone  
  16  1:21  Drone  
  18  1:28  Drone  
  19  1:39  Drone  
  20  1:49  Overlord  
  20  2:01  Queen x2  
  20  2:04  Zergling x4  
  26  2:11  Metabolic Boost  
  26  2:13  Drone  
  26  2:15  Drone  
  28  2:24  Drone x2  
  30  2:38  Hatchery  
  30  2:41  Drone  
  30  2:43  Drone  
  31  2:50  Baneling Nest  
  30  2:54  Overlord  
  30  2:56  Drone  
  31  2:59  Drone  
  31  3:02  Drone  
  33  3:07  Zergling x4  
  33  3:10  Zergling x2  
  36  3:15  Zergling x4  
  38  3:20  Zergling x4  
  38  3:23  Zergling x4  
  42  3:32  Drone x2  
  42  3:34  Baneling x4  
  44  3:41  Overlord  
  44  3:45  Evolution Chamber  
  44  3:46  Zergling x2  
  44  3:51  Queen  
  44  3:52  Drone  
  44  3:55  Drone  
  48  3:56  Drone  
  48  3:57  Drone  
  48  4:05  Drone x2  
  48  4:07  Zergling x2  
  48  4:09  Zergling x2  
  48  4:12  Drone x2  
  48  4:14  Zergling x2  
  48  4:16  Zergling x2  
  51  4:17  Zergling x2  
  51  4:18  Baneling x2  
  51  4:21  Drone x2  
  53  4:26  Zergling x2  
  53  4:28  Zerg Missile Weapons Level 1  
  53  4:30  Extractor, Zergling x2  
  51  4:32  Baneling  
  51  4:33  Zergling x2, Drone  
  51  4:37  Extractor  
  52  4:42  Overlord  
  52  4:43  Drone x2  
  54  4:46  Drone  
  54  4:47  Drone  
  54  4:49  Drone x2  
  58  4:57  Roach Warren, Drone  
  58  5:01  Lair  
  58  5:06  Overlord, Drone  
  58  5:08  Drone  
  58  5:09  Drone  
  58  5:13  Drone x2  
  62  5:15  Drone  
  62  5:16  Drone  
  62  5:20  Drone  
  65  5:26  Overlord  
  65  5:28  Drone x3  
  68  5:29  Drone x2  
  68  5:32  Drone x2  
  68  5:35  Overlord  
  72  5:36  Drone  
  72  5:38  Drone  
  73  5:47  Drone x5  
  78  5:51  Pneumatized Carapace  
  78  5:52  Extractor x2  
  78  5:53  Extractor, Drone  
  78  5:54  Drone x2  
  78  5:57  Drone  
  78  5:58  Drone x2  
  78  6:01  Glial Reconstitution  
  78  6:02  Overseer  
  81  6:08  Roach, Hatchery  
  81  6:10  Roach  
  84  6:13  Roach x2  
  84  6:17  Evolution Chamber  
  87  6:22  Overlord  
  87  6:23  Overlord  
  87  6:25  Zerg Missile Weapons Level 2  
  87  6:28  Roach  
  87  6:31  Overlord  
  89  6:33  Drone  
  89  6:37  Spore Crawler  
  89  6:41  Roach x7  
  89  6:44  Roach  
  105  6:47  Overlord x2  
  105  6:51  Overlord  
  105  6:53  Roach x2  
  109  6:56  Roach  
  109  7:01  Roach  
  113  7:09  Roach x7  
  113  7:13  Zerg Ground Armor Level 1  
  127  7:17  Roach x3  
  133  7:24  Roach  
  133  7:25  Roach x3  
  141  7:31  Queen  
  141  7:33  Roach  
  139  7:38  Drone x4  
  139  7:40  Drone  
  139  7:41  Overlord x3  
  139  7:43  Overlord  
  144  7:45  Overseer  
  144  7:47  Overlord  
  144  7:53  Overlord  
  142  7:58  Overlord  
  142  8:00  Ravager x2  
  142  8:01  Ravager, Roach x4  
  142  8:04  Ravager x2  
  142  8:05  Roach x2  
  158  8:10  Overlord  
  158  8:11  Roach  
  158  8:12  Roach x2  
  164  8:18  Roach x3  
  169  8:21  Roach  
  169  8:26  Roach x5  
  179  8:33  Roach x4  
  179  8:36  Roach  
  179  8:38  Roach x2  
  172  8:45  Roach  
  152  8:49  Roach x3  
  152  8:54  Roach x3  
  150  8:58  Roach x3  
  140  9:04  Roach x3  
  140  9:08  Roach x3  
  148  9:12  Ravager x2  
  149  9:20  Roach x4, Overseer  
  144  9:26  Roach x4  
  148  9:33  Ravager  
  148  9:34  Ravager x2  
  148  9:38  Roach x5  
  157  9:43  Roach x3  
  153  9:46  Roach  
  153  9:47  Roach  
  142  9:59  Roach x7  
  148  10:08  Ravager x2  
  148  10:09  Hatchery  
  148  10:10  Ravager  
  148  10:11  Ravager x2  
  152  10:15  Roach x2  
  156  10:27  Queen x3  
  162  10:29  Roach  
  162  10:30  Roach  
  162  10:31  Ravager  
  165  10:38  Roach x3  
  170  10:47  Roach x4  
  178  10:54  Roach x3  
  178  10:55  Roach  
  183  10:59  Roach  
  183  11:06  Overlord  
  183  11:10  Roach x3  
  179  11:15  Roach  
  171  11:23  Roach x3  
  165  11:32  Roach x4  
  171  11:33  Overseer x2  
  171  11:36  Drone x4  
  171  11:37  Drone  
  172  11:43  Roach x5  
  172  11:44  Ravager x2  
  182  11:51  Roach  
  182  11:52  Roach x2  
  182  11:53  Overlord  
  188  12:03  Roach x2  
  192  12:08  Roach x3  
  192  12:14  Overlord  
  188  12:17  Roach x4  
  188  12:22  Roach x2  
  198  12:35  Roach x6  
  188  12:43  Roach x4  
  180  12:45  Roach  
  180  12:50  Roach x2  
  183  12:55  Roach x3  
  183  12:56  Overseer  
  183  13:03  Roach x3  
  175  13:10  Roach x3  
  179  13:18  Roach x4  
  184  13:27  Hydralisk Den  
  184  13:34  Drone x3  
  184  13:37  Drone x5  
  188  13:43  Ravager  
  188  13:44  Ravager  
  190  13:49  Roach x5  
  197  14:06  Roach x4  
  197  14:09  Roach x4  
  194  14:27  Roach x5  
  196  14:37  Roach x4  
  197  14:44  Roach x7  
  199  14:49  Roach x3  
  185  14:57  Roach x3  
  185  14:58  Roach  
  183  15:05  Muscular Augments  
  175  15:07  Hydralisk  
  165  15:18  Ravager  
  165  15:19  Ravager x2  
  168  15:21  Ravager  
  168  15:22  Ravager, Roach x5  
  180  15:38  Roach x6  
  184  15:52  Roach x6  
  186  15:59  Overlord, Overseer  
  168  16:04  Roach x4  
  155  16:11  Roach x3  
  145  16:18  Roach x3  
  145  16:21  Roach  
  139  16:25  Overseer  
Show
View Real Time Build Order
Export as new Build Order

Elazer Zerg 

Build Orders: Hatch First 

Get SALT Encoding   

  12  0:00  Drone  
  13  0:12  Overlord  
  13  0:17  Drone  
  14  0:30  Drone x2  
  16  0:49  Hatchery  
  15  0:52  Drone  
  15  0:56  Drone  
  17  0:59  Drone  
  18  1:10  Extractor  
  17  1:14  Spawning Pool  
  17  1:17  Drone  
  17  1:21  Drone  
  18  1:30  Drone  
  19  1:39  Drone  
  20  1:49  Drone  
  22  2:01  Overlord, Drone  
  22  2:02  Queen x2  
  26  2:11  Zergling x2, Drone  
  26  2:13  Metabolic Boost  
  29  2:22  Drone  
  29  2:23  Drone  
  30  2:33  Zergling x4  
  32  2:41  Hatchery  
  31  2:46  Overlord  
  31  2:48  Drone  
  32  2:54  Baneling Nest  
  32  2:55  Drone  
  32  2:59  Drone  
  32  3:04  Drone  
  32  3:05  Drone  
  35  3:11  Drone x2  
  37  3:13  Drone x2  
  37  3:18  Overlord  
  39  3:25  Zergling x2  
  40  3:28  Queen  
  40  3:29  Zergling x2  
  40  3:31  Drone  
  44  3:37  Overlord  
  44  3:38  Baneling x2  
  43  3:42  Zergling x2  
  43  3:43  Zergling x6  
  43  3:48  Baneling x2  
  47  3:49  Zergling x4  
  47  3:55  Zergling x6  
  52  3:57  Zergling x2  
  52  3:58  Zergling x2  
  52  4:13  Drone  
  52  4:14  Drone x7  
  58  4:20  Drone  
  58  4:23  Drone  
  58  4:26  Drone x2  
  58  4:29  Extractor  
  58  4:30  Evolution Chamber, Extractor  
  56  4:34  Drone x2  
  59  4:38  Lair, Drone  
  59  4:46  Overlord, Drone x2  
  59  4:47  Drone x2  
  59  4:50  Baneling  
  63  4:53  Drone x2  
  63  4:54  Roach Warren  
  63  4:55  Drone  
  63  4:58  Zerg Missile Weapons Level 1  
  65  5:04  Overlord  
  65  5:06  Extractor, Drone x4  
  68  5:08  Drone  
  70  5:17  Drone x3  
  70  5:18  Overlord, Pneumatized Carapace  
  73  5:21  Extractor  
  73  5:22  Overlord, Extractor  
  73  5:26  Drone x4  
  75  5:31  Overlord  
  75  5:32  Drone  
  75  5:33  Drone x2  
  75  5:35  Drone x2  
  79  5:38  Glial Reconstitution  
  79  5:40  Overseer  
  79  5:43  Roach x2  
  79  5:45  Overlord  
  79  5:49  Drone  
  83  5:51  Extractor, Drone x3  
  83  5:52  Roach  
  87  5:58  Roach x2  
  91  6:06  Roach x6  
  103  6:16  Hatchery  
  103  6:18  Roach x3  
  108  6:22  Overlord  
  108  6:23  Roach  
  108  6:25  Overlord  
  110  6:31  Roach x2  
  114  6:33  Overlord x2  
  114  6:38  Overlord  
  114  6:42  Overlord  
  114  6:43  Roach x4  
  122  6:47  Overlord  
  122  6:49  Roach x2  
  126  6:54  Zerg Missile Weapons Level 2  
  126  6:56  Ravager x4  
  126  6:58  Overlord  
  126  7:01  Roach x2  
  134  7:04  Baneling  
  134  7:05  Baneling x3  
  134  7:06  Roach x2  
  138  7:11  Roach x3  
  138  7:12  Roach  
  146  7:17  Overlord  
  146  7:22  Roach x5  
  156  7:28  Overlord  
  156  7:33  Roach x5  
  164  7:40  Roach x4  
  164  7:42  Overlord  
  172  7:46  Overlord  
  172  7:50  Overlord  
  174  7:51  Roach x3  
  174  7:57  Roach x4  
  186  8:06  Roach  
  186  8:07  Roach x2  
  186  8:08  Ravager x4  
  186  8:11  Roach x2  
  186  8:36  Roach x9  
  186  8:39  Roach x3  
  194  8:42  Roach  
  194  8:43  Roach x2  
  178  8:48  Roach  
  178  8:49  Roach x6  
  178  8:51  Roach x2  
  174  8:56  Roach x3  
  174  9:00  Roach  
  174  9:03  Roach  
  174  9:04  Roach  
  174  9:08  Roach  
  166  9:11  Roach x2  
  168  9:19  Roach x8  
  168  9:23  Roach  
  168  9:24  Roach  
  172  9:30  Roach x4  
  180  9:38  Roach x5  
  188  9:45  Burrow  
  174  9:51  Roach  
  174  9:52  Roach x3  
  162  9:57  Roach  
  162  9:58  Roach x6  
  151  10:03  Roach  
  151  10:04  Roach x3  
  159  10:09  Roach x3  
  159  10:13  Ravager x3  
  168  10:19  Roach  
  168  10:20  Roach x3  
  176  10:25  Roach x3  
  182  10:32  Roach x4  
  192  10:35  Roach  
  192  10:36  Roach  
  194  10:43  Roach x2  
  194  10:47  Ravager  
  195  10:58  Zerg Ground Armor Level 1  
  195  11:03  Roach x3  
  179  11:06  Roach x7  
  181  11:14  Roach x4  
  181  11:16  Roach x2  
  177  11:19  Tunneling Claws  
  165  11:27  Roach x7  
  165  11:30  Extractor  
  174  11:40  Roach  
  174  11:41  Roach x8  
  174  11:46  Ravager  
  189  11:51  Roach x2  
  193  11:58  Roach x3  
  189  12:08  Roach  
  189  12:09  Roach x4  
  193  12:15  Roach  
  193  12:16  Roach x3  
  193  12:22  Overlord x2  
  179  12:37  Roach x3  
  179  12:44  Roach x13  
  179  12:55  Roach x2  
  179  12:58  Roach x3  
  163  13:01  Roach x3  
  163  13:02  Roach x2  
  163  13:04  Roach  
  163  13:05  Roach x3  
  145  13:08  Roach  
  145  13:09  Roach x3  
  145  13:11  Ravager x6  
  156  13:16  Roach x2  
  160  13:20  Roach x2  
  160  13:23  Roach x9  
  176  13:28  Overlord x2  
  176  13:32  Ravager  
  176  13:33  Ravager  
  172  13:36  Roach  
  172  13:37  Roach  
  180  13:41  Roach x3  
  180  13:42  Roach x25  
  180  13:44  Overseer  
  180  13:46  Roach  
  182  13:51  Roach x8  
  198  14:02  Overlord  
  198  14:09  Overlord  
  194  14:12  Roach Warren  
  183  14:19  Roach x3  
  181  14:26  Roach x9  
  189  14:37  Roach x9  
  181  14:47  Roach x7  
  181  14:51  Roach x5, Drone x9  
  152  15:00  Roach  
  152  15:01  Roach x2  
  152  15:07  Roach x2  
  151  15:14  Roach x3  
  151  15:20  Roach x2  
  151  15:21  Roach  
  149  15:23  Ravager  
  149  15:26  Ravager x4  
  149  15:27  Ravager x2  
  158  15:28  Roach  
  158  15:30  Ravager  
  158  15:31  Ravager  
  158  15:39  Roach x4  
  163  15:46  Roach x3  
  160  15:54  Roach x4  
  162  16:04  Roach x2  
  151  16:10  Roach x6  
  134  16:17  Roach x2  
  108  16:26  Roach x3  
Tags
 
Add a new tag
Caveats
  • Supply blocks, unpowered buildings, or Contaminate may cause inaccurate times.
  • Supply counts are checked every 10 seconds.